[ AOE2 MATCH · #513894552 ]
UnrankedRomans vs Spanish
Player's team · LOSS
Rival team · WIN
[ REPLAY ANALYSIS · EXTRACTED FROM THE RECORDED GAME ]
Feudal
8:02
Castle
—
Imperial
—
| APM avg | 60.2 |
| APM peak | 84 |
| eAPM avg | 30.2 |
| Villagers / military | 34 / 10 |
Focus
⚔️ 44.7% · 🌾 55.3%
Archer ×10
Feudal
8:51
Castle
—
Imperial
—
| APM avg | 57.5 |
| APM peak | 89 |
| eAPM avg | 27.0 |
| Villagers / military | 41 / 6 |
Focus
⚔️ 46.9% · 🌾 53.1%
Militia ×6
Match map
Initial resources + every placement click. Lines = walls · curves = elevation contours. ◆ gold · ⬟ stone · ● berries · ✦ relic · ◌ wall gap
Your base· Open — unwalled flank
The Illusionist's base· Open — 5t gap
Smoothed initial terrain · ◌ = detected wall gap · hover for details
Inputs per minute
— Dimo - - The Illusionist
Build order — Dimo
94 actions detected in the replay
| 0:00 | Queue | Villager (Male) |
| 0:01 | Build | House |
| 0:02 | Queue | Villager (Male) |
| 0:36 | Queue | Villager (Male) |
| 0:42 | Queue | Villager (Male) |
| 1:32 | Queue | Villager (Male) |
| 1:32 | Queue | Villager (Male) |
| 1:47 | Build | House |
| 1:53 | Queue | Villager (Male) |
| 1:53 | Queue | Villager (Male) |
| 2:25 | Queue | Villager (Male) |
| 2:33 | Queue | Villager (Male) |
| 2:33 | Queue | Villager (Male) |
| 2:41 | Build | Lumber Camp |
| 3:10 | Queue | Villager (Male) |
| 3:11 | Queue | Villager (Male) |
| 3:11 | Queue | Villager (Male) |
| 3:11 | Queue | Villager (Male) |
| 3:49 | Build | House |
| 4:24 | Queue | Villager (Male) |
| 4:33 | Build | Mining Camp |
| 4:42 | Queue | Villager (Male) |
| 5:18 | Build | House |
| 5:23 | Research | Loom |
| 5:52 | Research | Feudal Age |
| 6:50 | Build | Barracks |
| 6:56 | Build | House |
| 7:04 | Build | Palisade Wall |
| 7:04 | Build | Palisade Wall |
| 7:04 | Build | Palisade Wall |
| 7:05 | Build | Palisade Wall |
| 7:25 | Queue | Villager (Male) |
| 7:45 | Build | Palisade Wall |
| 8:02 | Age | Feudal Age |
| 8:05 | Build | Archery Range |
| 8:07 | Build | Palisade Wall |
| 8:12 | Research | Double-Bit Axe |
| 8:26 | Build | House |
| 8:44 | Queue | Archer |
| 8:50 | Queue | Archer |
| 8:53 | Queue | Archer |
| 9:04 | Build | Watch Tower |
| 9:06 | Queue | Archer |
| 9:10 | Queue | Villager (Male) |
| 9:30 | Build | House |
| 9:34 | Build | House |
| 9:39 | Build | House |
| 9:41 | Build | House |
| 10:07 | Queue | Archer |
| 10:24 | Build | Palisade Gate |
| 11:09 | Queue | Archer |
| 12:25 | Queue | Villager (Male) |
| 12:25 | Queue | Villager (Male) |
| 12:28 | Build | Mining Camp |
| 12:53 | Build | Palisade Wall |
| 12:53 | Build | Palisade Wall |
| 13:09 | Queue | Villager (Male) |
| 13:09 | Queue | Villager (Male) |
| 13:24 | Build | Blacksmith |
| 13:55 | Build | Stone Wall |
| 13:57 | Build | Stone Wall |
| 13:58 | Build | Stone Wall |
| 14:08 | Build | Stone Wall |
| 14:09 | Build | Stone Wall |
| 14:10 | Build | Stone Wall |
| 14:16 | Queue | Archer |
| 14:18 | Research | Fletching |
| 14:38 | Queue | Villager (Male) |
| 14:38 | Queue | Archer |
| 15:07 | Build | Mill |
| 15:49 | Build | Stone Wall |
| 15:58 | Build | Stone Wall |
| 16:01 | Build | Stone Wall |
| 16:15 | Build | Watch Tower |
| 16:21 | Queue | Villager (Male) |
| 16:26 | Build | Stone Wall |
| 16:53 | Queue | Villager (Male) |
| 16:53 | Queue | Villager (Male) |
| 17:18 | Build | Watch Tower |
| 17:22 | Queue | Archer |
| 17:28 | Queue | Villager (Male) |
| 17:28 | Queue | Villager (Male) |
| 17:54 | Build | Farm |
| 18:16 | Queue | Villager (Male) |
| 18:17 | Queue | Villager (Male) |
| 18:25 | Queue | Archer |
| 18:35 | Build | Farm |
| 18:47 | Queue | Villager (Male) |
| 18:47 | Queue | Villager (Male) |
| 18:57 | Build | House |
| 19:02 | Build | House |
| 19:18 | Build | Palisade Wall |
| 19:37 | Queue | Villager (Male) |
| 19:44 | Build | Farm |
Build order — The Illusionist
104 actions detected in the replay
| 0:00 | Queue | Villager (Male) |
| 0:01 | Queue | Villager (Male) |
| 0:02 | Build | House |
| 0:04 | Build | House |
| 0:04 | Build | House |
| 0:11 | Queue | Villager (Male) |
| 0:11 | Queue | Villager (Male) |
| 1:26 | Queue | Villager (Male) |
| 1:51 | Queue | Villager (Male) |
| 2:10 | Build | Lumber Camp |
| 2:13 | Queue | Villager (Male) |
| 2:13 | Queue | Villager (Male) |
| 2:46 | Queue | Villager (Male) |
| 2:46 | Queue | Villager (Male) |
| 3:00 | Queue | Villager (Male) |
| 3:45 | Queue | Villager (Male) |
| 3:58 | Queue | Villager (Male) |
| 4:23 | Queue | Villager (Male) |
| 5:00 | Build | Barracks |
| 5:02 | Queue | Villager (Male) |
| 5:03 | Queue | Villager (Male) |
| 5:04 | Research | Loom |
| 5:08 | Queue | Villager (Male) |
| 5:08 | Research | Loom |
| 5:57 | Build | House |
| 6:30 | Research | Feudal Age |
| 6:30 | Research | Feudal Age |
| 6:41 | Queue | Militia |
| 7:04 | Build | Mill |
| 7:11 | Build | Palisade Gate |
| 7:21 | Queue | Militia |
| 7:21 | Queue | Militia |
| 7:45 | Queue | Militia |
| 7:46 | Queue | Militia |
| 8:36 | Queue | Villager (Male) |
| 8:51 | Age | Feudal Age |
| 8:53 | Research | Man-at-Arms (upgrade) |
| 9:01 | Build | Watch Tower |
| 9:05 | Queue | Villager (Male) |
| 9:07 | Build | Farm |
| 9:12 | Build | Mining Camp |
| 9:40 | Queue | Villager (Male) |
| 9:44 | Queue | Villager (Male) |
| 9:57 | Queue | Villager (Male) |
| 10:02 | Build | Palisade Wall |
| 10:03 | Build | Palisade Wall |
| 10:05 | Build | Palisade Wall |
| 10:06 | Build | Palisade Wall |
| 10:09 | Build | House |
| 10:24 | Queue | Villager (Male) |
| 10:38 | Build | Farm |
| 11:01 | Queue | Militia |
| 11:02 | Build | Farm |
| 11:09 | Queue | Villager (Male) |
| 11:41 | Queue | Villager (Male) |
| 11:41 | Queue | Villager (Male) |
| 11:42 | Build | Farm |
| 11:44 | Build | Farm |
| 12:01 | Build | House |
| 12:13 | Build | Watch Tower |
| 12:15 | Queue | Villager (Male) |
| 12:17 | Build | Palisade Wall |
| 12:28 | Build | House |
| 12:37 | Build | Palisade Wall |
| 12:52 | Build | House |
| 12:55 | Queue | Villager (Male) |
| 13:08 | Queue | Villager (Male) |
| 13:11 | Build | Palisade Wall |
| 13:18 | Build | Palisade Wall |
| 13:23 | Build | Farm |
| 13:33 | Build | Outpost |
| 13:39 | Build | Farm |
| 13:47 | Queue | Villager (Male) |
| 14:15 | Queue | Villager (Male) |
| 14:23 | Build | House |
| 14:29 | Build | Stone Wall |
| 14:36 | Build | Farm |
| 14:37 | Queue | Villager (Male) |
| 14:45 | Build | Palisade Wall |
| 14:47 | Build | Palisade Wall |
| 14:51 | Queue | Villager (Male) |
| 14:53 | Build | Blacksmith |
| 15:11 | Build | Mining Camp |
| 15:11 | Queue | Villager (Male) |
| 15:51 | Queue | Villager (Male) |
| 16:02 | Build | Stable |
| 16:18 | Build | Watch Tower |
| 16:25 | Queue | Villager (Male) |
| 17:00 | Queue | Villager (Male) |
| 17:12 | Build | Market |
| 17:16 | Build | House |
| 17:23 | Queue | Villager (Male) |
| 17:34 | Build | Palisade Wall |
| 17:43 | Build | Farm |
| 17:54 | Queue | Villager (Male) |
| 18:13 | Build | Farm |
| 18:26 | Queue | Villager (Male) |
| 18:36 | Build | Farm |
| 18:43 | Build | Farm |
| 18:58 | Build | House |
| 19:09 | Build | Palisade Wall |
| 19:12 | Queue | Villager (Male) |
| 19:47 | Research | Castle Age |
| 19:47 | Research | Castle Age |
Match timeline
| 5:00 | The Illusionist · first_building Barracks |
| 6:50 | Dimo · first_building Barracks |
| 7:04 | Dimo · wall_segment Palisade Wall x1 |
| 7:04 | Dimo · wall_segment Palisade Wall x1 |
| 7:04 | Dimo · wall_segment Palisade Wall x1 |
| 7:05 | Dimo · wall_segment Palisade Wall x1 |
| 7:45 | Dimo · wall_segment Palisade Wall x9 |
| 8:02 | Dimo · age_up feudal |
| 8:05 | Dimo · first_building Archery Range |
| 8:07 | Dimo · wall_segment Palisade Wall x1 |
| 8:51 | The Illusionist · age_up feudal |
| 10:02 | The Illusionist · wall_segment Palisade Wall x1 |
| 10:03 | The Illusionist · wall_segment Palisade Wall x1 |
| 10:05 | The Illusionist · wall_segment Palisade Wall x1 |
| 10:06 | The Illusionist · wall_segment Palisade Wall x1 |
| 12:17 | The Illusionist · wall_segment Palisade Wall x1 |
| 12:37 | The Illusionist · wall_segment Palisade Wall x1 |
| 12:53 | Dimo · wall_segment Palisade Wall x1 |
| 12:53 | Dimo · wall_segment Palisade Wall x1 |
| 13:11 | The Illusionist · wall_segment Palisade Wall x1 |
| 13:18 | The Illusionist · wall_segment Palisade Wall x1 |
| 13:55 | Dimo · wall_segment Stone Wall x1 |
| 13:57 | Dimo · wall_segment Stone Wall x1 |
| 13:58 | Dimo · wall_segment Stone Wall x1 |
| 14:08 | Dimo · wall_segment Stone Wall x1 |
| 14:09 | Dimo · wall_segment Stone Wall x1 |
| 14:10 | Dimo · wall_segment Stone Wall x1 |
| 14:29 | The Illusionist · wall_segment Stone Wall x1 |
| 14:45 | The Illusionist · wall_segment Palisade Wall x1 |
| 14:47 | The Illusionist · wall_segment Palisade Wall x1 |
| 15:49 | Dimo · wall_segment Stone Wall x1 |
| 15:58 | Dimo · wall_segment Stone Wall x1 |
| 16:01 | Dimo · wall_segment Stone Wall x1 |
| 16:02 | The Illusionist · first_building Stable |
| 16:26 | Dimo · wall_segment Stone Wall x1 |
| 17:34 | The Illusionist · wall_segment Palisade Wall x1 |
| 18:14 | The Illusionist · first_market_sell 100 wood |
| 18:16 | The Illusionist · first_market_buy 100 food |
| 19:09 | The Illusionist · wall_segment Palisade Wall x1 |
| 19:18 | Dimo · wall_segment Palisade Wall x2 |
| 19:55 | Dimo · resign |
[ AI ANALYSIS · 1 CREDIT ]
What really happened in this match?
Wolo.gg analyzes every decision: build order, eco, micro, common mistakes by bracket. Personalized analysis on WhatsApp or Discord in 30 seconds.
Civ guide
Romans
Perfil
Jugador #3216208